 Dungeon Crawl Stone Soup version 0.26-a0-566-gbc9326e (webtiles) character file.

Game seed: 353133038480839530

1971 B1Gdaddy5 the Slinger (level 9, 0/63 HPs)
             Began as a Halfling Hunter on Aug 21, 2020.
             Was a Believer of Okawaru.
             Slain by a killer bee (9 damage)
             ... on level 7 of the Dungeon.
             The game lasted 01:34:56 (7266 turns).

B1Gdaddy5 the Slinger (Halfling Hunter)             Turns: 7266, Time: 01:34:56

Health: 0/63       AC:  6    Str: 13    XL:     9   Next: 43%
Magic:  9/9        EV: 16    Int:  9    God:    Okawaru [**....]
Gold:   539        SH:  0    Dex: 18    Spells: 8/8 levels left

rFire    . . .     SeeInvis .   b - +0 short sword
rCold    + . .     Faith    .   (shield restricted)
rNeg     + . .     Spirit   .   G - +1 leather armour {rC+}
rPois    .         Reflect  .   (no helmet)
rElec    .         Harm     .   (no cloak)
rCorr    .                      y - +0 pair of gloves
MR       .....                  E - +0 pair of boots
Stlth    ++........             r - amulet of regeneration
HPRegen  0.60/turn              (no ring)
MPRegen  0.11/turn              q - ring of positive energy

@: lethally poisoned (0 -> -1), about to teleport
A: small, mutation resistance 1
a: Heroism, Renounce Religion


You were on level 7 of the Dungeon.
You worshipped Okawaru.
Okawaru was pleased with you.
You visited 1 branch of the dungeon, and saw 7 of its levels.
You also visited: Sewer.

You collected 539 gold pieces.

Inventory:

Hand Weapons
 a - a +2 hunting sling
 b - a +0 short sword (weapon)
 v - a +0 morningstar of protection
 z - a +0 hand axe
Missiles
 d - 74 sling bullets
 g - 197 stones (quivered)
 p - 17 poisoned darts
 F - 6 atropa-tipped darts
Armour
 m - a +0 leather armour
 u - a +0 leather armour
 y - a +0 pair of gloves (worn)
 E - a +0 pair of boots (worn)
 G - a +1 leather armour of cold resistance (worn)
Jewellery
 h - an uncursed ring of fire
 q - a ring of positive energy (right hand)
 r - an amulet of regeneration (around neck)
Wands
 n - a wand of paralysis (4)
 t - a wand of enslavement (8)
 H - a wand of acid (8)
Scrolls
 k - 2 scrolls of enchant armour {unknown}
 l - a scroll of remove curse
 o - 2 scrolls of magic mapping
 x - 2 scrolls of blinking
 C - a scroll of random uselessness {unknown}
 D - 2 scrolls of identify
 I - a scroll of teleportation
Potions
 c - 3 potions of ambrosia
 e - a potion of magic
 f - a potion of might {unknown}
 i - a potion of brilliance {unknown}
 j - a potion of berserk rage
 s - 2 potions of flight
 w - a potion of mutation {unknown}
 A - a potion of stabbing {unknown}
 B - a potion of haste {unknown}


   Skills:
 + Level 6.7 Fighting
 - Level 12.0 Slings
 + Level 4.1 Armour
 + Level 3.5 Dodging
 + Level 2.5 Stealth
 - Level 0.5 Invocations
 + Level 0.8 Evocations


You had 8 spell levels left.
You didn't know any spells.
Your spell library contained the following spells:

 Spells                   Type           Power        Failure   Level
 Animate Skeleton         Necr           #.....       45%         1
 Apportation              Tloc           #.....       45%         1
 Corona                   Hex            #......      45%         1
 Magic Dart               Conj           #...         45%         1
 Sting                    Tmut/Pois      #...         45%         1
 Summon Small Mammal      Summ           #...         45%         1
 Blink                    Tloc           N/A          58%         2
 Call Imp                 Summ           #.......     58%         2
 Poisonous Vapours        Pois/Air       #.....       58%         2
 Slow                     Hex            #.......     58%         2
 Conjure Flame            Conj/Fire      #.......     83%         3
 Ignite Poison            Fire/Tmut/Pois #.......     83%         3
 Mephitic Cloud           Conj/Pois/Air  #.......     83%         3
 Olgreb's Toxic Radiance  Pois           #.......     99%         4


Dungeon Overview and Level Annotations

Branches:
Dungeon (7/15)              Sewer (visited)
 Temple: D:4-7

Altars:
Elyvilon
Nemelex Xobeh
Okawaru
Qazlal
Ru
Sif Muna
Uskayaw
Xom


Innate Abilities, Weirdness & Mutations

You are small and have problems with some larger weapons.
You are somewhat resistant to further mutation.


Message History

You feel sick.
The killer bee misses you. x2; The bullfrog barely misses you.
You closely miss the killer bee.
You feel sick. The killer bee closely misses you. The bullfrog misses you.
The killer bee stings you but does no damage.
The bullfrog barely misses you. The killer bee barely misses you.
You miss the killer bee.
You feel sick. The killer bee stings you! The bullfrog hits you.
The killer bee stings you.
You barely miss the killer bee.
You feel sick. The bullfrog completely misses you.
The killer bee barely misses you. The bullfrog closely misses you.
The killer bee stings you.
You hit the killer bee.
The killer bee is lightly wounded.
You feel sick. The killer bee stings you! The bullfrog hits you.
* * * LOW HITPOINT WARNING * * *
The killer bee stings you.
* * * LOW HITPOINT WARNING * * *
The bullfrog hits you but does no damage.
As you read the scroll of teleportation, it crumbles to dust.
You feel strangely unstable.
You feel sick. The killer bee stings you!
You die...

........
###############.
#####.......)...####
#⌠..................
#...................
#.)...#########.....
##..###.... ####..
#........( ###
#.@y(...)⌠ #
###F.....[ # ###....
# ####


You could see a bullfrog and a killer bee.

Vanquished Creatures
  Joseph (D:7)
  Sigmund (D:5)
  An ice beast (D:7)
  A phantom (D:7)
  2 ogres
  A sky beast (D:7)
  A centaur (D:5)
  A big kobold (Sewer)
  2 bullfrogs
  4 killer bees (D:7)
  A howler monkey (D:6)
  3 wights (D:6)
  An orc priest (D:5)
  3 hounds
  5 orc wizards
  3 worker ants (D:4)
  A hound zombie (D:7)
  2 adders
  An ooze (D:1)
  4 worms
  2 dart slugs
  6 leopard geckos
  12 orcs
  6 bats
  11 giant cockroaches
  3 goblins
  5 hobgoblins
  4 jackals
  6 quokkas
  2 ball pythons
  3 frilled lizards
  A giant cockroach zombie (D:6)
  8 kobolds
  A leopard gecko zombie (D:6)
  A quokka skeleton (D:5)
  11 rats
121 creatures vanquished.

Notes
Turn   | Place    | Note
-------+----------+-------------------------------------------
     0 | D:1      | B1Gdaddy5 the Halfling Hunter began the quest for the Orb.
     0 | D:1      | Reached XP level 1. HP: 14/14 MP: 1/1
    68 | D:1      | Reached skill level 6 in Slings
   183 | D:1      | Reached XP level 2. HP: 17/19 MP: 2/2
   393 | D:1      | Reached XP level 3. HP: 24/24 MP: 3/3
   489 | D:1      | Reached skill level 7 in Slings
  1101 | D:2      | Found a stormy altar of Qazlal.
  1181 | D:2      | Reached XP level 4. HP: 29/29 MP: 4/4
  1335 | D:2      | Found a shimmering altar of Xom.
  2124 | D:3      | Found an iron altar of Okawaru.
  2132 | D:3      | Became a worshipper of Warmaster Okawaru
  2281 | D:3      | Reached skill level 8 in Slings
  2433 | D:4      | Reached XP level 5. HP: 32/34 MP: 5/5
  2650 | D:4      | Noticed an ogre
  2658 | D:4      | Killed an ogre
  2658 | D:4      | Reached skill level 1 in Armour
  2658 | D:4      | Reached XP level 6. HP: 31/41 MP: 6/6
  3234 | D:4      | Reached skill level 9 in Slings
  3293 | D:4      | Reached * piety under Okawaru
  3348 | D:4      | Found a shimmering blue altar of Sif Muna.
  3407 | D:4      | Reached XP level 7. HP: 24/45 MP: 7/7
  3787 | D:4      | Found a sparkling altar of Nemelex Xobeh.
  3787 | D:4      | Found a hide-covered altar of Uskayaw.
  4052 | D:5      | Entered Level 5 of the Dungeon
  4401 | D:5      | Noticed Sigmund
  4444 | D:5      | Found a glowing drain.
  4564 | D:5      | Killed Sigmund
  4564 | D:5      | Reached skill level 10 in Slings
  4607 | Sewer    | Entered a sewer
  4690 | Sewer    | Reached XP level 8. HP: 54/54 MP: 5/8
  4925 | Sewer    | Found a white marble altar of Elyvilon.
  5630 | D:6      | Reached skill level 11 in Slings
  5943 | D:6      | Found a sacrificial altar of Ru.
  6070 | D:6      | Found a white marble altar of Elyvilon.
  6866 | D:7      | Reached skill level 12 in Slings
  6876 | D:7      | Noticed Joseph
  6901 | D:7      | Killed Joseph
  6901 | D:7      | Reached ** piety under Okawaru
  6901 | D:7      | Reached skill level 5 in Fighting
  6901 | D:7      | Reached XP level 9. HP: 29/61 MP: 9/9
  7266 | D:7      | Slain by a killer bee

Illustrated notes

Levels and vault maps discovered:
D:1:      lightli_iron_boxes, layout_basic, minmay_worlds_worst_comb
D:2:      layout_loops_ring, grunt_qazlal_clouds, xom_teletrap_fun
D:3:      layout_loops_ring, overflow_temple_1_default, serial_park_tiny_2
D:4:      layout_loops_ring, led_sif_book, gammafunk_temple_overflow_wave,
          minmay_stone_trees_medium
D:5:      layout_loops_corners, portal_sewer_entry_b, uniq_sigmund
D:6:      layout_loops_cross, kennysheep_mini, lemuel_round_altar
D:7:      kennysheep_spiral_hall, layout_rooms, grunt_temple_overflow_diamond,
          minmay_temple_entry_drinking_statues, uniq_joseph

Skill      XL: |  1  2  3  4  5  6  7  8  9 |
---------------+----------------------------+-----
Slings         | 6 7 8 9 10 12 | 12.0
Fighting       | 2 3 5 6 |  6.7
Armour         | 1 2 3 4 |  4.1
Dodging        | 3 |  3.5
Stealth        | 2 |  2.5
Invocations    | |  0.5
Evocations     | |  0.8

Action                   |  1- 3 |  4- 6 |  7- 9 || total
-------------------------+-------+-------+-------++-------
Melee: Short sword       |       |       |     7 ||     7
 Fire: Hunting sling     |    95 |   178 |   288 ||   561
Invok: Heroism           |       |     1 |     7 ||     8
Evoke: Wand              |       |       |     2 ||     2
  Use: Scroll            |     4 |     3 |     6 ||    13
       Potion            |       |     2 |     6 ||     8
Armor: Leather armour    |    18 |     6 |    15 ||    39
       Skin              |       |     6 |       ||     6
Dodge: Dodged            |    25 |    56 |   112 ||   193

Table legend: (Time is in decaauts)
 A = Elapsed time spent in this place.
 B = Non-inter-level travel time spent in this place.
 C = Inter-level travel time spent in this place.
 D = Time resting spent in this place.
 E = Time spent auto-exploring this place.
 F = Levels seen in this place.
 G = Mean time per level.
                   A        B        C        D        E       F      G
               +--------+--------+--------+--------+--------+-----+--------+
         Total |   7166 |   6993 |    173 |   1363 |   2950 |   8 |  895.8 |
       Dungeon |   6741 |   6568 |    173 |   1246 |   2950 |   7 |  963.0 |
         Sewer |    425 |    425 |      0 |    117 |      0 |   1 |  425.0 |
               +--------+--------+--------+--------+--------+-----+--------+

Top non-repeatable levels by time:
     D:4: 1598 daAuts
     D:6: 1192 daAuts
     D:5: 1141 daAuts
     D:1: 912 daAuts
     D:2: 827 daAuts
     D:3: 655 daAuts
   Sewer: 425 daAuts
     D:7: 413 daAuts
